cohdb
Replays
Latest Replays
All Replays
Popular Replays
Top Player Replays
Match Explorer
How It Works
Community
CoH3 Stats
Reddit
Sign in to upload your games and track your stats! →
Sign in with Steam
Match 41477649
Unlisted
Match 41477649
Overview
Messages
Build Orders
End
Construct Infanterie Kompanie
MG 42 Machine Gun Team
Grenadier Squad
Construct Panzergrenadier Kompanie
Panzergrenadier Squad
Panzergrenadier Officer Quarters
Pak 40 Anti-tank Gun Team
Forward Retreat Point
251 Medium Carrier
Panzergrenadier Squad
Construct Panzer Kompanie
251 Medium Carrier
Selects Mechanized Battlegroup
Selects Raid Package
Selects 8 Rad Armored Car
Selects UNKNOWN (2160084)
Selects Mobile Repair Stations
Panzer Officer Quarters
Stoßtruppen Squad
Panther Heavy Tank
Panther Heavy Tank
Selects Wespe Self-propelled Artillery
Panther Heavy Tank
Selects Zeroing Artillery Barrage
Panzergrenadier Squad
Zeroing Artillery Barrage
Panther Heavy Tank
Zeroing Artillery Barrage
Panther Heavy Tank
Forward Retreat Point
251 Medium Carrier
Sturmpanzer IV Brummbär
no inbred rage-quitter?
seven dials
simranjitsingh713
是花间啊
只有框A才能打败框A
侠客
0
0
Comments
sign in to comment!
No comments posted yet!